[Event "VI Floripa Open 2020"]
[Site "Florianopolis"]
[Date "2020.01.21"]
[Round "3.124"]
[White "Borges, Paulo Felipe Rosa"]
[Black "Gadea, Fernando"]
[Result "0-1"]
[ECO "C02"]
[WhiteElo "1512"]
[BlackElo "1748"]
[Annotator "NA"]
[PlyCount "50"]
[EventDate "2020.01.20"]
[EventType "swiss"]
[EventRounds "10"]
[EventCountry "BRA"]
[SourceTitle "playchess.com"]
[Source "ChessBase"]
[SourceQuality "1"]
[TimeControl "5400+30"]

1. e4 e6 2. d4 d5 3. e5 c5 4. c3 Nc6 5. Nf3 Bd7 6. b3 Rc8 7. Bb2 f6 8. Bb5 cxd4 9. cxd4 Qa5+ 10. Nc3 Bb4 11. O-O Bxc3 12. Bxc3 Qxb5 13. a4 Qb6 14. Bb2 fxe5 15. Nxe5 Nxe5 16. dxe5 Nh6 17. Ba3 Rc3 18. Qd2 Rxb3 19. Qg5 Rxa3 20. Rxa3 O-O 21. Rh3 Qd8 22. Qg3 Nf5 23. Qb3 Bc6 24. g4 Qg5 25. f3 Qe3+ 0-1

[Event "VI Floripa Open 2020"]
[Site "Florianopolis"]
[Date "2020.01.21"]
[Round "3.126"]
[White "Encina, Adrian Andres"]
[Black "Dos Santos, Paulo H. Maximo"]
[Result "1-0"]
[ECO "B52"]
[WhiteElo "1740"]
[BlackElo "1486"]
[Annotator "NA"]
[PlyCount "56"]
[EventDate "2020.01.20"]
[EventType "swiss"]
[EventRounds "10"]
[EventCountry "BRA"]
[SourceTitle "playchess.com"]
[Source "ChessBase"]
[SourceQuality "1"]
[TimeControl "5400+30"]

1. e4 c5 2. Nf3 d6 3. Bb5+ Bd7 4. Bxd7+ Qxd7 5. O-O Nf6 6. Re1 Nc6 7. c3 e5 8. d4 cxd4 9. cxd4 exd4 10. Nxd4 Be7 11. Nf5 O-O 12. Nc3 Rfe8 13. Nxe7+ Rxe7 14. Bg5 Re6 15. Qd2 Rae8 16. f3 Qc7 17. Bxf6 Rxf6 18. Nd5 Qd8 19. Nxf6+ Qxf6 20. Rad1 Rd8 21. Qc3 Qg6 22. Rd4 h5 23. Red1 h4 24. h3 Qe6 25. e5 Ne7 26. Rxd6 Rxd6 27. exd6 Nf5 28. d7 Qb6+ 1-0

[Event "VI Floripa Open 2020"]
[Site "Florianopolis"]
[Date "2020.01.21"]
[Round "3.127"]
[White "Fontenele, Edson Guilherme Lope"]
[Black "Andersson, Cristian de Oliveira"]
[Result "1/2-1/2"]
[ECO "A34"]
[WhiteElo "1727"]
[BlackElo "1480"]
[Annotator "NA"]
[PlyCount "124"]
[EventDate "2020.01.20"]
[EventType "swiss"]
[EventRounds "10"]
[EventCountry "BRA"]
[SourceTitle "playchess.com"]
[Source "ChessBase"]
[SourceQuality "1"]
[TimeControl "5400+30"]

1. Nf3 c5 2. c4 Nf6 3. Nc3 Nc6 4. g3 e6 5. Bg2 Be7 6. O-O O-O 7. d3 a6 8. Bf4 Nh5 9. Bd2 d5 10. cxd5 exd5 11. Re1 Be6 12. e3 Nf6 13. a3 Rc8 14. d4 cxd4 15. exd4 Re8 16. Na4 Nd7 17. b4 Nb6 18. Nc5 Bxc5 19. dxc5 Nc4 20. Bf4 f6 21. Nd2 N4e5 22. Nb3 Bf7 23. Nd4 Qd7 24. Nxc6 bxc6 25. Qa4 Ra8 26. Rad1 Qb7 27. Qc2 Bg6 28. Qc3 Nf7 29. Re3 Rxe3 30. Qxe3 Qd7 31. Re1 Kf8 32. Bf1 a5 33. Qe6 Qxe6 34. Rxe6 axb4 35. axb4 Ra1 36. Kg2 Be4+ 37. f3 Ra2+ 38. Kg1 Bxf3 39. Rxc6 Ne5 40. Bxe5 fxe5 41. Rc8+ Ke7 42. b5 d4 43. b6 Rb2 44. Rc7+ Kd8 45. Bh3 Be2 46. Rd7+ Ke8 47. Rd5 d3 48. Rxe5+ Kf7 49. Rxe2 Rxe2 50. Bg4 Rb2 51. Kf1 Kf6 52. Ke1 Ke5 53. c6 Rxb6 54. c7 Rc6 55. c8=Q Rxc8 56. Bxc8 h5 57. Kd2 g5 58. Ke3 h4 59. Kf3 hxg3 60. hxg3 Kf6 61. Kg4 Kg6 62. Ba6 Kh6 1/2-1/2

[Event "VI Floripa Open 2020"]
[Site "Florianopolis"]
[Date "2020.01.21"]
[Round "3.128"]
[White "Calcada, Lucas Galvan"]
[Black "Panazzolo, Paulo Victor"]
[Result "1/2-1/2"]
[ECO "D02"]
[WhiteElo "1496"]
[BlackElo "1727"]
[Annotator "NA"]
[PlyCount "55"]
[EventDate "2020.01.20"]
[EventType "swiss"]
[EventRounds "10"]
[EventCountry "BRA"]
[SourceTitle "playchess.com"]
[Source "ChessBase"]
[SourceQuality "1"]
[TimeControl "5400+30"]

1. Nf3 d5 2. g3 g6 3. Bg2 Bg7 4. d4 Nf6 5. O-O c5 6. c4 O-O 7. Nc3 cxd4 8. Nxd4 e5 9. Nb3 d4 10. Ne4 Nxe4 11. Bxe4 Nc6 12. e3 Bh3 13. Re1 Rc8 14. exd4 exd4 15. Bf4 Be6 16. Bd3 g5 17. Qh5 h6 18. Bd2 Qf6 19. f4 gxf4 20. Bxf4 Ne7 21. Be5 Qg5 22. Qxg5 hxg5 23. Bxg7 Kxg7 24. a3 Nc6 25. Be4 Rfd8 26. Rad1 Bg4 27. Rd2 Re8 28. Kf2 1/2-1/2

[Event "VI Floripa Open 2020"]
[Site "Florianopolis"]
[Date "2020.01.21"]
[Round "3.129"]
[White "Bonfim, Regina Rodrigues"]
[Black "Andrade, Moacir Belarmino F."]
[Result "1-0"]
[ECO "A00"]
[WhiteElo "1726"]
[BlackElo "1476"]
[Annotator "NA"]
[PlyCount "42"]
[EventDate "2020.01.20"]
[EventType "swiss"]
[EventRounds "10"]
[EventCountry "BRA"]
[SourceTitle "playchess.com"]
[Source "ChessBase"]
[SourceQuality "1"]
[TimeControl "5400+30"]

1. d4 d5 2. c4 Nf6 3. cxd5 Nxd5 4. e4 Nb6 5. Nc3 e6 6. Nf3 c5 7. d5 exd5 8. exd5 Nxd5 9. Qxd5 Qxd5 10. Nxd5 Be7 11. Bb5+ Bd7 12. Bd3 O-O 13. O-O Bf6 14. Ng5 h6 15. Nh7 Re8 16. Nhxf6+ gxf6 17. a4 Re5 18. Bc4 Kg7 19. Be3 Na6 20. b3 Rc8 21. Rfe1 Nb4 1-0

[Event "VI Floripa Open 2020"]
[Site "Florianopolis"]
[Date "2020.01.21"]
[Round "3.130"]
[White "De Souza, Carlos Alberto"]
[Black "Machado, Antonio Rodrigo"]
[Result "1-0"]
[ECO "D43"]
[WhiteElo "1485"]
[BlackElo "1726"]
[Annotator "NA"]
[PlyCount "33"]
[EventDate "2020.01.20"]
[EventType "swiss"]
[EventRounds "10"]
[EventCountry "BRA"]
[SourceTitle "playchess.com"]
[Source "ChessBase"]
[SourceQuality "1"]
[TimeControl "5400+30"]

1. Nf3 Nf6 2. c4 c6 3. Nc3 d5 4. d4 e6 5. a3 Bd6 6. Bg5 Nbd7 7. c5 Bc7 8. e4 h6 9. Bxf6 Nxf6 10. e5 Nd7 11. Bd3 O-O 12. Bc2 f6 13. Qd3 fxe5 14. Qh7+ Kf7 15. Bg6+ Kf6 16. Bh5 Rg8 17. Qg6+ 1-0

[Event "VI Floripa Open 2020"]
[Site "Florianopolis"]
[Date "2020.01.21"]
[Round "3.131"]
[White "Melo, Sergio Roberto Sampa"]
[Black "Dias Filho, Pedro Stein"]
[Result "1-0"]
[ECO "A15"]
[WhiteElo "1724"]
[BlackElo "1445"]
[Annotator "NA"]
[PlyCount "67"]
[EventDate "2020.01.20"]
[EventType "swiss"]
[EventRounds "10"]
[EventCountry "BRA"]
[SourceTitle "playchess.com"]
[Source "ChessBase"]
[SourceQuality "1"]
[TimeControl "5400+30"]

1. Nf3 Nf6 2. b3 g6 3. Bb2 Bg7 4. c4 O-O 5. g3 d6 6. Bg2 Nc6 7. O-O Bg4 8. d3 Qd7 9. Nc3 e5 10. a3 Rac8 11. b4 Bh3 12. Qc2 Bxg2 13. Kxg2 Rfe8 14. Rac1 Ne7 15. e4 Bh6 16. Rcd1 Ng4 17. h3 Nf6 18. Bc1 Bg7 19. Be3 b6 20. Qc1 c6 21. Bh6 Qc7 22. Bxg7 Kxg7 23. Qb2 Rh8 24. Nh2 Kg8 25. Ng4 Nxg4 26. hxg4 d5 27. cxd5 cxd5 28. Nb5 Qc6 29. Qxe5 dxe4 30. dxe4 Re8 31. Nd6 h5 32. Nxe8 Qxe8 33. Rh1 Qf8 34. Qf6 1-0

[Event "VI Floripa Open 2020"]
[Site "Florianopolis"]
[Date "2020.01.21"]
[Round "3.132"]
[White "Lopes, Leonardo Borges"]
[Black "Cardoso, Lucca Pimenta"]
[Result "1-0"]
[ECO "C00"]
[WhiteElo "1466"]
[BlackElo "1722"]
[Annotator "NA"]
[PlyCount "107"]
[EventDate "2020.01.20"]
[EventType "swiss"]
[EventRounds "10"]
[EventCountry "BRA"]
[SourceTitle "playchess.com"]
[Source "ChessBase"]
[SourceQuality "1"]
[TimeControl "5400+30"]

1. c4 e6 2. e4 d5 3. cxd5 exd5 4. exd5 Qxd5 5. Nc3 Qd8 6. Nf3 Nf6 7. d4 Be7 8. Be2 O-O 9. O-O Bg4 10. Bf4 c6 11. Re1 Nbd7 12. Ne5 Bxe2 13. Qxe2 Bb4 14. Bg5 Qa5 15. Qf3 Qc7 16. Nxd7 Nxd7 17. Be7 Bxe7 18. Rxe7 Rae8 19. Rae1 Qd8 20. Qxf7+ Rxf7 21. Rxe8+ Rf8 22. Rxd8 Rxd8 23. d5 cxd5 24. Nxd5 Nc5 25. Nc3 Nd3 26. Rd1 Re8 27. b3 Nb2 28. Rb1 Nd3 29. Nd5 Re2 30. a4 Rxf2 31. Rd1 Nb2 32. Kxf2 Nxd1+ 33. Ke2 Nb2 34. Kd2 Kf7 35. Kc2 Ke6 36. Nc3 Nxa4 37. bxa4 Ke5 38. Kd3 b6 39. g3 a6 40. Ke3 g5 41. h3 h6 42. Kd3 h5 43. Ke3 g4 44. h4 Kd6 45. Kd4 Ke6 46. Ne2 b5 47. axb5 axb5 48. Nf4+ Kf5 49. Nxh5 b4 50. Nf4 b3 51. Nd3 Kg6 52. Ke5 Kh5 53. Kf5 Kh6 54. Kxg4 1-0

[Event "VI Floripa Open 2020"]
[Site "Florianopolis"]
[Date "2020.01.21"]
[Round "3.133"]
[White "Davanso, Joao Pedro"]
[Black "Salvadego, Erika Giovana De O."]
[Result "1-0"]
[ECO "C02"]
[WhiteElo "1719"]
[BlackElo "1461"]
[Annotator "NA"]
[PlyCount "89"]
[EventDate "2020.01.20"]
[EventType "swiss"]
[EventRounds "10"]
[EventCountry "BRA"]
[SourceTitle "playchess.com"]
[Source "ChessBase"]
[SourceQuality "1"]
[TimeControl "5400+30"]

1. e4 e6 2. d4 d5 3. e5 c5 4. c3 Nc6 5. Nf3 cxd4 6. cxd4 Nge7 7. Bd3 Nf5 8. Bxf5 exf5 9. O-O Be6 10. Ng5 Be7 11. Nxe6 fxe6 12. Nc3 O-O 13. f4 Rc8 14. Be3 Na5 15. Bf2 Nc4 16. Qe2 Qa5 17. Rac1 Bb4 18. a3 Nxa3 19. Ra1 Qc7 20. Nxd5 exd5 21. bxa3 Bc3 22. Rab1 Qe7 23. Qb5 Rfd8 24. Qxb7 Qxa3 25. e6 Qd6 26. Qf7+ Kh8 27. Rb7 Rg8 28. Qxf5 Rgf8 29. Qg4 g6 30. Rd7 Qxf4 31. Qh3 h6 32. Qd3 Qe4 33. Qxe4 dxe4 34. Rb1 Rfe8 35. d5 a5 36. h3 a4 37. Ra7 Ra8 38. Rxa8 Rxa8 39. Rc1 Bf6 40. Rc2 Kg7 41. d6 Kf8 42. Bc5 Rc8 43. d7+ Rxc5 44. Rxc5 Ke7 45. Rc8 1-0

[Event "VI Floripa Open 2020"]
[Site "Florianopolis"]
[Date "2020.01.21"]
[Round "3.134"]
[White "Pereira, Armando Scharlau"]
[Black "Constantino, Pedro Henrique"]
[Result "1-0"]
[ECO "D48"]
[WhiteElo "1716"]
[BlackElo "1432"]
[Annotator "NA"]
[PlyCount "113"]
[EventDate "2020.01.20"]
[EventType "swiss"]
[EventRounds "10"]
[EventCountry "BRA"]
[SourceTitle "playchess.com"]
[Source "ChessBase"]
[SourceQuality "1"]
[TimeControl "5400+30"]

1. d4 d5 2. c4 e6 3. Nc3 Nf6 4. Nf3 c6 5. e3 Nbd7 6. Bd3 dxc4 7. Bxc4 b5 8. Bd3 Bb7 9. O-O a6 10. a4 Be7 11. Bd2 O-O 12. Qe2 b4 13. Ne4 a5 14. Nxf6+ Bxf6 15. Rac1 Qb6 16. Rfd1 Rac8 17. e4 Bxd4 18. Nxd4 Qxd4 19. Be3 Qe5 20. f4 Qf6 21. e5 Qe7 22. Bxh7+ Kxh7 23. Qd3+ Kg8 24. Qxd7 Rc7 25. Qxe7 Rxe7 26. Bc5 Rfe8 27. Bxe7 Rxe7 28. Rc5 Rc7 29. Rd8+ Kh7 30. Kf2 Bc8 31. Rd6 Bd7 32. Ke3 Ra7 33. Kd4 Kg8 34. b3 Kf8 35. Rc2 Ke7 36. g4 Rc7 37. Kc5 Rb7 38. h4 Be8 39. Rcd2 f6 40. Rxc6 Bxc6 41. Kxc6 Ra7 42. Kb6 Ra8 43. h5 f5 44. g5 Rh8 45. Kxa5 Rxh5 46. Kxb4 Rh3 47. Rd4 Re3 48. Kc4 Re1 49. b4 Rc1+ 50. Kb5 Rc8 51. a5 g6 52. a6 Ra8 53. Ka5 Rb8 54. b5 Ke8 55. b6 Ke7 56. a7 Ra8 57. Ka6 1-0

[Event "VI Floripa Open 2020"]
[Site "Florianopolis"]
[Date "2020.01.21"]
[Round "3.135"]
[White "Garcia, Erich Douglas Ribeir"]
[Black "Peroza, Eduardo Antunes"]
[Result "0-1"]
[ECO "A85"]
[WhiteElo "1453"]
[BlackElo "1712"]
[Annotator "NA"]
[PlyCount "82"]
[EventDate "2020.01.20"]
[EventType "swiss"]
[EventRounds "10"]
[EventCountry "BRA"]
[SourceTitle "playchess.com"]
[Source "ChessBase"]
[SourceQuality "1"]
[TimeControl "5400+30"]

1. d4 f5 2. c4 Nf6 3. Nc3 g6 4. Nf3 Bg7 5. e3 O-O 6. Bd3 Nc6 7. O-O d6 8. a3 e5 9. Bc2 e4 10. Nd2 Qe7 11. f3 exf3 12. Nxf3 Bd7 13. b4 Rae8 14. Qd3 Ng4 15. Nd5 Qd8 16. h3 Nf6 17. Nxf6+ Qxf6 18. Rb1 f4 19. e4 Nxd4 20. Bb2 Nxf3+ 21. Qxf3 Qf7 22. Bxg7 Qxg7 23. Qd3 Rf7 24. Kh2 Qe5 25. Kh1 Bc6 26. Rbe1 Rfe7 27. Qb3 Kg7 28. b5 Bd7 29. a4 Rf8 30. Rf2 Be6 31. Ref1 Ref7 32. Qd3 h5 33. Rd2 g5 34. Qd4 Qxd4 35. Rxd4 f3 36. gxf3 Rxf3 37. Rxf3 Rxf3 38. Rd3 Rxd3 39. Bxd3 Bxh3 40. Kh2 Be6 41. Be2 h4 0-1

[Event "VI Floripa Open 2020"]
[Site "Florianopolis"]
[Date "2020.01.21"]
[Round "3.136"]
[White "Moritz, Diego Homrich"]
[Black "Ribeiro, Gilnei Guedes"]
[Result "1-0"]
[ECO "C00"]
[WhiteElo "1700"]
[BlackElo "1422"]
[Annotator "NA"]
[PlyCount "64"]
[EventDate "2020.01.20"]
[EventType "swiss"]
[EventRounds "10"]
[EventCountry "BRA"]
[SourceTitle "playchess.com"]
[Source "ChessBase"]
[SourceQuality "1"]
[TimeControl "5400+30"]

1. e4 c5 2. Nf3 e6 3. d3 Nf6 4. Nbd2 Be7 5. g3 O-O 6. Bg2 Nc6 7. O-O Qc7 8. Re1 d6 9. Nf1 b5 10. h4 Bb7 11. N1h2 d5 12. e5 Nd7 13. Bf4 b4 14. Ng4 a5 15. h5 Qd8 16. h6 Re8 17. hxg7 Kxg7 18. Bh6+ Kh8 19. Qd2 Rg8 20. Qf4 Qe8 21. Kf1 Ba6 22. Kg1 c4 23. d4 Rg6 24. Bh3 Rb8 25. Bg2 b3 26. c3 Qg8 27. a3 Bf8 28. Nh4 Bxh6 29. Nxg6+ fxg6 30. Nxh6 Rf8 31. Nxg8 Rxf4 32. gxf4 Kxg8 1-0

[Event "VI Floripa Open 2020"]
[Site "Florianopolis"]
[Date "2020.01.21"]
[Round "3.138"]
[White "Feller, Gabriela Luisa Vicen"]
[Black "Blau, Vitoria Caroline"]
[Result "1-0"]
[ECO "B98"]
[WhiteElo "1691"]
[BlackElo "1409"]
[Annotator "NA"]
[PlyCount "97"]
[EventDate "2020.01.20"]
[EventType "swiss"]
[EventRounds "10"]
[EventCountry "BRA"]
[SourceTitle "playchess.com"]
[Source "ChessBase"]
[SourceQuality "1"]
[TimeControl "5400+30"]

1. e4 c5 2. Nf3 d6 3. d4 cxd4 4. Nxd4 Nf6 5. Nc3 a6 6. Bg5 e6 7. f4 Be7 8. Qf3 O-O 9. O-O-O Nc6 10. Bxf6 Bxf6 11. Nxc6 bxc6 12. e5 Bxe5 13. fxe5 d5 14. Qh5 Rb8 15. Bd3 g6 16. Qh6 Qb6 17. h4 Qxb2+ 18. Kd2 Qb7 19. h5 Qc7 20. hxg6 fxg6 21. Bxg6 Rb7 22. Rdf1 Rxf1 23. Rxf1 Qd8 24. Bd3 Rg7 25. g4 Qg5+ 26. Qxg5 Rxg5 27. Rh1 Rg7 28. Na4 Rxg4 29. Bxh7+ Kg7 30. Nc5 Rc4 31. Bd3 Rxc5 32. Rh7+ Kg8 33. Rc7 d4 34. Rxc8+ Kg7 35. Bxa6 Rxe5 36. Rxc6 Kf6 37. Bc4 Kf5 38. Bxe6+ Rxe6 39. Rxe6 Kxe6 40. Kd3 Kd5 41. a4 Kc5 42. a5 Kb5 43. Kxd4 Kxa5 44. Kc5 Ka6 45. Kc6 Ka7 46. c4 Kb8 47. Kd7 Kb7 48. c5 Kb8 49. c6 1-0

[Event "VI Floripa Open 2020"]
[Site "Florianopolis"]
[Date "2020.01.21"]
[Round "3.139"]
[White "Ferreira De Souza, Ricardo"]
[Black "Dos Anjos, Diovana Ferreira"]
[Result "0-1"]
[ECO "B31"]
[WhiteElo "1420"]
[BlackElo "1691"]
[Annotator "NA"]
[PlyCount "47"]
[EventDate "2020.01.20"]
[EventType "swiss"]
[EventRounds "10"]
[EventCountry "BRA"]
[SourceTitle "playchess.com"]
[Source "ChessBase"]
[SourceQuality "1"]
[TimeControl "5400+30"]

1. e4 c5 2. Nf3 Nc6 3. Bb5 g6 4. O-O Bg7 5. c3 Nf6 6. Re1 O-O 7. d4 cxd4 8. cxd4 d5 9. e5 Ne8 10. Be3 Qb6 11. Nc3 Nc7 12. Qd3 e6 13. a4 a6 14. Ne2 axb5 15. axb5 Rxa1 16. Rxa1 Ne7 17. Qa3 Nf5 18. Qc5 Qxc5 19. dxc5 d4 20. Bxd4 Nxd4 21. b6 Na6 22. Nfxd4 Bxe5 23. Nb5 Bb8 24. Nd6 0-1

[Event "VI Floripa Open 2020"]
[Site "Florianopolis"]
[Date "2020.01.21"]
[Round "3.140"]
[White "Damasceno, Enzo De Carvalho"]
[Black "Reis, Caio Jose de Carvalh"]
[Result "1-0"]
[ECO "A45"]
[WhiteElo "1687"]
[BlackElo "1372"]
[Annotator "NA"]
[PlyCount "43"]
[EventDate "2020.01.20"]
[EventType "swiss"]
[EventRounds "10"]
[EventCountry "BRA"]
[SourceTitle "playchess.com"]
[Source "ChessBase"]
[SourceQuality "1"]
[TimeControl "5400+30"]

1. d4 Nf6 2. Bg5 e6 3. e4 Be7 4. e5 Nd5 5. Bxe7 Qxe7 6. c4 Qb4+ 7. Qd2 Qxd2+ 8. Kxd2 Nb6 9. Nc3 a6 10. b4 d5 11. c5 N6d7 12. Nf3 O-O 13. b5 c6 14. Bd3 f6 15. Ke3 Kh8 16. Kd2 Rg8 17. g4 Nf8 18. h4 Bd7 19. h5 fxe5 20. Nxe5 Be8 21. Ng6+ Bxg6 22. hxg6 1-0

[Event "VI Floripa Open 2020"]
[Site "Florianopolis"]
[Date "2020.01.21"]
[Round "3.142"]
[White "Nunes dos Santos, Rafael"]
[Black "Fante, Gabriel"]
[Result "0-1"]
[ECO "A00"]
[WhiteElo "1385"]
[BlackElo "1673"]
[Annotator "NA"]
[PlyCount "36"]
[EventDate "2020.01.20"]
[EventType "swiss"]
[EventRounds "10"]
[EventCountry "BRA"]
[SourceTitle "playchess.com"]
[Source "ChessBase"]
[SourceQuality "1"]
[TimeControl "5400+30"]

1. g4 d5 2. Bg2 c6 3. h3 e5 4. d4 e4 5. c4 Bd6 6. cxd5 cxd5 7. Nc3 Ne7 8. Bg5 O-O 9. f3 Bg3+ 10. Kd2 Re8 11. fxe4 dxe4 12. Be3 Nd5 13. Nxd5 Qxd5 14. h4 Bxg4 15. Nh3 Rc8 16. Qf1 Bd6 17. Ng5 Qa5+ 18. Kd1 Qa4+ 0-1

[Event "VI Floripa Open 2020"]
[Site "Florianopolis"]
[Date "2020.01.21"]
[Round "3.143"]
[White "Formolo, Rafael Marcos"]
[Black "Mendes, Ana Beatriz Dias Gui"]
[Result "1-0"]
[ECO "C77"]
[WhiteElo "1665"]
[BlackElo "1362"]
[Annotator "NA"]
[PlyCount "64"]
[EventDate "2020.01.20"]
[EventType "swiss"]
[EventRounds "10"]
[EventCountry "BRA"]
[SourceTitle "playchess.com"]
[Source "ChessBase"]
[SourceQuality "1"]
[TimeControl "5400+30"]

1. e4 e5 2. Nf3 Nc6 3. Bb5 a6 4. Ba4 Bc5 5. Bxc6 dxc6 6. d3 Nf6 7. h3 h6 8. Nbd2 Be6 9. Qe2 Nd7 10. Nb3 Bxb3 11. axb3 Qe7 12. c3 Rd8 13. O-O Bb6 14. b4 O-O 15. Be3 Rfe8 16. Rad1 c5 17. bxc5 Nxc5 18. Kh1 Nd7 19. Bc1 Nf8 20. Nh2 Rd6 21. f4 exf4 22. Bxf4 Re6 23. Bc1 Ng6 24. Ng4 Rf8 25. Rf5 Nh4 26. Rff1 f5 27. Ne3 fxe4 28. dxe4 c6 29. Rxf8+ Qxf8 30. Qg4 Qf6 31. g3 Ng6 32. Nf5 Qe7 1-0

[Event "VI Floripa Open 2020"]
[Site "Florianopolis"]
[Date "2020.01.21"]
[Round "3.144"]
[White "Parreira, Teodora Ribeiro"]
[Black "Morato, Saulo Duenas"]
[Result "1-0"]
[ECO "C43"]
[WhiteElo "1660"]
[BlackElo "1353"]
[Annotator "NA"]
[PlyCount "79"]
[EventDate "2020.01.20"]
[EventType "swiss"]
[EventRounds "10"]
[EventCountry "BRA"]
[SourceTitle "playchess.com"]
[Source "ChessBase"]
[SourceQuality "1"]
[TimeControl "5400+30"]

1. e4 e5 2. Nf3 Nf6 3. d4 exd4 4. e5 Qe7 5. Be2 Ng4 6. Qxd4 Qb4+ 7. c3 Qxd4 8. cxd4 Nc6 9. Nc3 d6 10. Nb5 Kd8 11. h3 Nh6 12. Bg5+ Be7 13. exd6 Bxg5 14. dxc7+ Kd7 15. Nxg5 a6 16. Nc3 Kxc7 17. Rc1 Kb8 18. Nf3 Nf5 19. d5 Ncd4 20. Nxd4 Nxd4 21. Bd3 Re8+ 22. Kd2 Bf5 23. Rhe1 Ka7 24. Bxf5 Nxf5 25. Rxe8 Rxe8 26. Re1 Rxe1 27. Kxe1 Nd6 28. Kd2 b5 29. Kd3 Kb6 30. Ne4 Nxe4 31. Kxe4 f6 32. Kf5 Kc7 33. Ke6 Kd8 34. Kd6 b4 35. Kc5 a5 36. Kb5 Kd7 37. Kxa5 b3 38. axb3 Kd6 39. b4 Kxd5 40. Ka6 1-0

[Event "VI Floripa Open 2020"]
[Site "Florianopolis"]
[Date "2020.01.21"]
[Round "3.145"]
[White "Silva, Kelvyr Peres"]
[Black "Eger, Laura Luisa"]
[Result "0-1"]
[ECO "C54"]
[WhiteElo "1374"]
[BlackElo "1656"]
[Annotator "NA"]
[PlyCount "72"]
[EventDate "2020.01.20"]
[EventType "swiss"]
[EventRounds "10"]
[EventCountry "BRA"]
[SourceTitle "playchess.com"]
[Source "ChessBase"]
[SourceQuality "1"]
[TimeControl "5400+30"]

1. e4 e5 2. Nf3 Nc6 3. Bc4 Bc5 4. c3 Nf6 5. d4 exd4 6. cxd4 Bb4+ 7. Bd2 Nxe4 8. Bxb4 Nxb4 9. Bxf7+ Kxf7 10. Qb3+ d5 11. Ne5+ Kg8 12. Qxb4 Qg5 13. Qb3 c6 14. O-O h5 15. Qf3 Be6 16. Qe3 Qf6 17. Nc3 Nxc3 18. bxc3 Rf8 19. Rab1 Bc8 20. Rfe1 h4 21. Qf3 Qd6 22. Qe3 Rh7 23. Rb2 Rf5 24. Qd3 Rf6 25. Ng4 Rf8 26. Rbe2 Rf4 27. Ne5 Bf5 28. Qd2 Bc8 29. Qd3 Qf6 30. f3 Rf5 31. Qe3 Qd6 32. Nd3 h3 33. Ne5 hxg2 34. Rxg2 Rhh5 35. Ree2 Rf6 36. Ref2 Rh7 0-1

[Event "VI Floripa Open 2020"]
[Site "Florianopolis"]
[Date "2020.01.21"]
[Round "3.146"]
[White "Ferraz, Joao Vitor Koenig"]
[Black "De Lima, Lucas Taveira"]
[Result "1/2-1/2"]
[ECO "D35"]
[WhiteElo "1649"]
[BlackElo "1341"]
[Annotator "NA"]
[PlyCount "50"]
[EventDate "2020.01.20"]
[EventType "swiss"]
[EventRounds "10"]
[EventCountry "BRA"]
[SourceTitle "playchess.com"]
[Source "ChessBase"]
[SourceQuality "1"]
[TimeControl "5400+30"]

1. d4 d5 2. c4 e6 3. Nc3 Be7 4. Bg5 Nf6 5. cxd5 exd5 6. Qc2 Nc6 7. e3 Be6 8. Bb5 Qd7 9. Nge2 a6 10. Bd3 Nb4 11. Qd2 Nxd3+ 12. Qxd3 Bf5 13. Qd1 c6 14. O-O O-O 15. f3 Qd6 16. Ng3 Bg6 17. Re1 Nh5 18. Bxe7 Qxe7 19. Nxh5 Bxh5 20. Qd2 Rfe8 21. e4 dxe4 22. fxe4 Rad8 23. e5 Qb4 24. Re4 Bg6 25. Rf4 Qe7 1/2-1/2

[Event "VI Floripa Open 2020"]
[Site "Florianopolis"]
[Date "2020.01.21"]
[Round "3.147"]
[White "Cezar, Ricardo De Almeida"]
[Black "Borba Da Rosa, Rodrigo"]
[Result "1-0"]
[ECO "D30"]
[WhiteElo "1644"]
[BlackElo "1294"]
[Annotator "NA"]
[PlyCount "103"]
[EventDate "2020.01.20"]
[EventType "swiss"]
[EventRounds "10"]
[EventCountry "BRA"]
[SourceTitle "playchess.com"]
[Source "ChessBase"]
[SourceQuality "1"]
[TimeControl "5400+30"]

1. d4 e6 2. Bf4 d5 3. e3 Nf6 4. Nf3 Nbd7 5. c4 Nh5 6. Bg3 Nxg3 7. hxg3 Nf6 8. Nc3 b6 9. Ne5 Bb7 10. Qa4+ Nd7 11. cxd5 exd5 12. Bb5 c6 13. Nxc6 Bxc6 14. Bxc6 Be7 15. Nxd5 Rc8 16. Nxe7 Qxe7 17. Bxd7+ Qxd7 18. Qxd7+ Kxd7 19. Kd2 h6 20. Rac1 f5 21. Rxc8 Rxc8 22. Rc1 Re8 23. Kd3 g5 24. Rh1 Re6 25. f3 b5 26. a3 a5 27. d5 Rf6 28. Kd4 Kd6 29. Rc1 Kd7 30. Ke5 Rf8 31. b4 f4 32. gxf4 gxf4 33. e4 a4 34. Rc6 Rg8 35. Rxh6 Rg5+ 36. Kxf4 Rxg2 37. Rb6 Ra2 38. Rxb5 Rxa3 39. Ra5 Ra1 40. Ke5 a3 41. f4 a2 42. f5 Rb1 43. Rxa2 Rxb4 44. Ra7+ Ke8 45. f6 Kf8 46. Kf5 Rb1 47. Ke6 Rb8 48. f7 Rc8 49. Re7 Kg7 50. d6 Rc1 51. e5 Rf1 52. d7 1-0

[Event "VI Floripa Open 2020"]
[Site "Florianopolis"]
[Date "2020.01.21"]
[Round "3.148"]
[White "Nobre, Jailson Altair Barbo"]
[Black "Lanznaster, Joao Vitor"]
[Result "1-0"]
[ECO "B30"]
[WhiteElo "1638"]
[BlackElo "1270"]
[Annotator "NA"]
[PlyCount "101"]
[EventDate "2020.01.20"]
[EventType "swiss"]
[EventRounds "10"]
[EventCountry "BRA"]
[SourceTitle "playchess.com"]
[Source "ChessBase"]
[SourceQuality "1"]
[TimeControl "5400+30"]

1. e4 c5 2. Nf3 e6 3. d3 d6 4. Nbd2 Nc6 5. g3 Nf6 6. Bg2 Be7 7. O-O O-O 8. a4 b6 9. Re1 Bb7 10. Nc4 Re8 11. c3 Qc7 12. Qe2 Rad8 13. d4 cxd4 14. cxd4 Ba6 15. Qc2 Rc8 16. b3 Na5 17. e5 dxe5 18. dxe5 Nd7 19. Bf4 Nxc4 20. bxc4 Qxc4 21. Qd1 Red8 22. Bf1 Qc6 23. Bxa6 Nxe5 24. Nxe5 Rxd1 25. Nxc6 Rxe1+ 26. Rxe1 Rxc6 27. Ra1 Bc5 28. Bb5 Rc8 29. Rd1 f6 30. Ba6 Re8 31. Rd7 e5 32. Be3 Bxe3 33. fxe3 Ra8 34. Rc7 h6 35. Rc8+ Rxc8 36. Bxc8 Kf7 37. Bb7 Ke6 38. Kf2 Kf5 39. Kf3 Ke6 40. h4 Kd6 41. h5 Kc5 42. Ke4 Kb4 43. Bc6 Kb3 44. Bb5 Kc2 45. g4 Kd1 46. Kf5 Ke1 47. Kg6 Kf2 48. Kxg7 Kxe3 49. Kxh6 Kf4 50. Kg6 e4 51. h6 1-0

[Event "VI Floripa Open 2020"]
[Site "Florianopolis"]
[Date "2020.01.21"]
[Round "3.149"]
[White "Lanznaster, Rafael"]
[Black "Goetten Wagner, Julia"]
[Result "0-1"]
[ECO "A25"]
[WhiteElo "1369"]
[BlackElo "1638"]
[Annotator "NA"]
[PlyCount "44"]
[EventDate "2020.01.20"]
[EventType "swiss"]
[EventRounds "10"]
[EventCountry "BRA"]
[SourceTitle "playchess.com"]
[Source "ChessBase"]
[SourceQuality "1"]
[TimeControl "5400+30"]

1. c4 e5 2. Nc3 Nc6 3. g3 f5 4. Bg2 Nf6 5. e3 Bb4 6. Qc2 Bxc3 7. Qxc3 d6 8. b3 O-O 9. d3 Qe8 10. Bb2 Bd7 11. Nf3 e4 12. dxe4 fxe4 13. Nd2 Bf5 14. Qc2 Nb4 15. Qb1 Nd3+ 16. Kf1 Ng4 17. Ke2 Ngxf2 18. h3 Qh5+ 19. g4 Bxg4+ 20. hxg4 Qxg4+ 21. Kf1 Nxh1+ 22. Kg1 Rf2 0-1